 Dungeon Sprint DCSS version 0.21.2 (webtiles) character file.

24787 Flooderbenga the Gnoll Aeon (level 13, -8/163 HPs)
             Began as a Gnoll Necromancer on Oct 18, 2018.
             Was the Champion of Cheibriados.
             Killed from afar by a storm dragon (18 damage)
             ... with a bolt of lightning
             ... in the Dungeon (Sprint II: "The Violet Keep of Menkaure") on Oct 25, 2018.
             The game lasted 01:21:57 (1783 turns).

Flooderbenga the Gnoll Aeon (Gnoll Necromancer)     Turns: 1783, Time: 01:21:58

Health: -8/163     AC:  9    Str: 32    XL:     13   Next: 15%
Magic:  0/30       EV: 27    Int: 46    God:    Cheibriados [******]
Gold:   181        SH:  0    Dex: 31    Spells: 7/38 levels left

rFire    + + +     SeeInvis .     - Unarmed
rCold    + + +     Gourm    .   (no shield)
rNeg     + + .     Faith    .   m - +1 leather armour of the Sea {rN+ Dex-3 Slay+2}
rPois    .         Spirit   +   l - +3 helmet of the Aged Queens {-Tele rF++ Dex+3}
rElec    .         Reflect  .   s - +0 cloak
rCorr    .         Harm     .   k - +0 pair of gloves
MR       .....     NoTele   +   (no boots)
Stlth    ..........             n - amulet of Beb Rigy {Spirit *Corrode rC+++ Int+4 Dex+3}
HPRegen  0.37/turn              w - ring "Vighaer" {rF+ rN+ Int+5 Dex-2 Stlth+}
MPRegen  0.22/turn              (no ring)

@: berserking (expiring), corroded, very slow
A: distributed training, fangs 1, strong nose
a: Bend Time, Temporal Distortion, Slouch, Step From Time, Renounce Religion


You were in the Dungeon.
You worshipped Cheibriados.
Cheibriados was exalted by your worship.
You were hungry.

You visited 1 branch You collected 1303 gold pieces.
You spent 1122 gold pieces at shops.

Inventory:

Hand Weapons
 d - a +0 arbalest
 u - a +0 longbow
Missiles
 a - 13 bolts
 o - a throwing net (quivered) {!f}
 v - 27 arrows
Armour
 k - a +0 pair of gloves (worn)
 l - the +3 helmet of the Aged Queens (worn) {-Tele rF++ Dex+3}
   (You bought it in a shop in the Dungeon)

   It affects your dexterity (+3).
   It greatly protects you from fire.
   It prevents most forms of teleportation.
 m - the +1 leather armour of the Sea (worn) {rN+ Dex-3 Slay+2}
   (You bought it in a shop in the Dungeon)

   It affects your dexterity (-3).
   It affects your accuracy and damage with ranged weapons and melee attacks
   (+2).
   It protects you from negative energy.
 s - a +0 cloak (worn)
Jewellery
 n - the amulet of Beb Rigy (around neck) {Spirit *Corrode rC+++ Int+4 Dex+3}
   (You acquired it in the Dungeon)

   [amulet of guardian spirit]

   It causes incoming damage to be split between your health and magic.
   It affects your intelligence (+4).
   It affects your dexterity (+3).
   It renders you almost immune to cold.
   It may corrode you when you take damage.
 w - the ring "Vighaer" (left hand) {rF+ rN+ Int+5 Dex-2 Stlth+}
   (You found it in the Dungeon)

   [ring of positive energy]

   It affects your intelligence (+5).
   It affects your dexterity (-2).
   It protects you from fire.
   It protects you from negative energy.
   It makes you more stealthy.
Scrolls
 c - a scroll of silence
 e - 2 scrolls of acquirement
 i - a scroll of blinking {@r4}
 t - a scroll of remove curse {@r2}
Potions
 f - a potion of haste {@q3}
 g - 2 potions of magic
 p - a potion of flight
Books
 b - a book of Necromancy

   Spells                             Type                      Level
   a - Pain                           Necromancy                   1
   b - Animate Skeleton               Necromancy                   1
   c - Vampiric Draining              Necromancy                   3
   d - Regeneration                   Charms/Necromancy            3
   e - Animate Dead                   Necromancy                   4
   f - Borgnjor's Vile Clutch         Necromancy/Earth             5
 j - a book of the Earth

   Spells                             Type                      Level
   a - Leda's Liquefaction            Hexes/Earth                  4
   b - Bolt of Magma                  Conjuration/Fire/Earth       5
   c - Statue Form                    Transmutation/Earth          6
   d - Iron Shot                      Conjuration/Earth            6
   e - Shatter                        Earth                        9
Comestibles
 r - a ration


   Skills:
 + Level 12.3 Fighting
 + Level 12.3 Short Blades
 + Level 12.3 Long Blades
 + Level 12.3 Axes
 + Level 12.3 Maces & Flails
 + Level 12.3 Polearms
 + Level 12.3 Staves
 + Level 12.3 Slings
 + Level 12.3 Bows
 + Level 12.3 Crossbows
 + Level 12.3 Throwing
 + Level 12.3 Armour
 + Level 13.0 Dodging
 + Level 12.9 Stealth
 + Level 12.3 Shields
 + Level 12.3 Unarmed Combat
 + Level 13.1 Spellcasting
 + Level 10.6 Conjurations
 + Level 10.6 Hexes
 + Level 10.6 Charms
 + Level 10.6 Summonings
 + Level 12.4 Necromancy
 + Level 10.6 Translocations
 + Level 10.6 Transmutations
 + Level 10.6 Fire Magic
 + Level 10.6 Ice Magic
 + Level 10.6 Air Magic
 + Level 10.6 Earth Magic
 + Level 10.6 Poison Magic
 + Level 13.3 Invocations
 + Level 12.3 Evocations


You had 7 spell levels left.
You knew the following spells:

 Your Spells              Type           Power        Failure   Level  Hunger
a - Pain                  Necr           ####         0%          1    None
b - Animate Skeleton      Necr           N/A          0%          1    None
c - Borgnjor's Vile Clut  Necr/Erth      #######...   1%          5    None
d - Animate Dead          Necr           N/A          1%          4    None
e - Bolt of Magma         Conj/Fire/Erth #######...   1%          5    None
f - Iron Shot             Conj/Erth      #######...   1%          6    None
r - Regeneration          Chrm/Necr      #######...   1%          3    None
x - Statue Form           Tmut/Erth      #######..    1%          6    None


Dungeon Overview and Level Annotations

Branches:
Dungeon (1/1)

Altars:
Cheibriados
Dithmenos
Elyvilon
Fedhas
Gozag
Hepliaklqana
Kikubaaqudgha
Makhleb
Nemelex Xobeh
Okawaru
Qazlal
Ru
Sif Muna
Trog
Uskayaw
Vehumet
Wu Jian
Xom
Yredelemnul
Zin
The Shining One
Beogh
Jiyva
Lugonu

Shops:
D :(}[[[?=[!:%=[!%%:**

Annotations:
D exclusion: oklob plant


Innate Abilities, Weirdness & Mutations

Your experience applies equally to all skills.
You have very sharp teeth.
Your uncanny sense of smell can sniff out nearby items.


Message History

Cheibriados restores the support of your attributes.
Your Dodging skill increases to level 13!
The deep elf high priest is no longer giving off an aura.
The deep elf high priest prays.
The deep elf high priest invokes the aid of its god against you.
Something smites you!
* * * LOW HITPOINT WARNING * * *
You take 10 damage, and have 11/163 hp.
You now have 0/30 mp.
You pummel the storm dragon!! Your bite misses the storm dragon.
The storm dragon completely misses you. The storm dragon barely misses you.
The storm dragon completely misses you.
You punch the storm dragon! The storm dragon barely misses you.
The storm dragon completely misses you. The storm dragon tramples you.
* * * LOW HITPOINT WARNING * * *
You hold your ground!
You take 1 damage, and have 10/163 hp.
You punch the storm dragon! x2
The storm dragon breathes lightning at you.
The bolt of lightning misses you. The bolt of lightning hits you!
You die...

############ ∆∆ ∆ ∆ ∆
∆#∩∩.∩∩'§'..# ∆∆ ∆ ∆ ∆
#######§#### ∆ #+##
∆####'####∆ ∆ #.%+
##§§§≈≈§§##
#x(###≈≈§§≈.§§.## ∆
#@)'.≈§≈§§≈§§≈≈##+
#.eD####≈≈§≈≈≈§≈≈##≈.
∆....$)x #≈##§≈§≈≈§§##[≈.
############≈≈#'§§#'''#####
###########≈≈≈§..≈..§§≈#..'
##....∩.∩.#≈≈≈≈.##'##..#..#
##...∩.∩..#≈≈≈≈##≈#.##.####
##..∩.∩...#≈≈≈≈#..#..#....#
##.⌠.∩....#≈≈#####.#####..#


You could see a storm dragon, a deep elf high priest, a small abomination and a
crawling corpse.

Vanquished Creatures
  2 golden dragons (D)
  A bone dragon (D)
  A deep elf master archer (D)
  Kirke (D)
  Roxanne (D)
  A storm dragon (D)
  A frost giant (D)
  A crystal guardian (D)
  A yaktaur captain (D)
  A great orb of eyes (D)
  A centaur warrior (D)
  An iron elemental (D)
  A death yak (D)
  A skeletal warrior (D)
  2 death drakes (D)
  An elephant (D)
  An ice statue (D)
  A kobold demonologist (D)
  A yaktaur (D)
  3 polar bears (D)
  A hornet (D)
  A blink frog (D)
  A hippogriff (D)
  2 wyverns (D)
  Menkaure (D)
  2 swamp drakes (D)
  A necrophage (D)
  3 crocodiles (D)
  4 worker ants (D)
  3 worms (D)
43 creatures vanquished.

Vanquished Creatures (collateral kills)
  A hippogriff (D)
  3 necrophages (D)
4 creatures vanquished.

Vanquished Creatures (others)
  8 tentacles (D)
8 creatures vanquished.

Grand Total: 55 creatures vanquished

Notes
Turn   | Place    | Note
-------+----------+-------------------------------------------
     0 | D        | Flooderbenga the Gnoll Necromancer began the quest for the Orb.
     0 | D        | Reached XP level 1. HP: 13/13 MP: 6/6
     1 | D        | Noticed a worker ant
     1 | D        | Noticed a worker ant
     5 | D        | Killed a worker ant
     5 | D        | Reached skill level 1 in Fighting
     5 | D        | Reached skill level 1 in Short Blades
     5 | D        | Reached skill level 1 in Long Blades
     5 | D        | Reached skill level 1 in Axes
     5 | D        | Reached skill level 1 in Maces & Flails
     5 | D        | Reached skill level 1 in Polearms
     5 | D        | Reached skill level 1 in Staves
     5 | D        | Reached skill level 1 in Slings
     5 | D        | Reached skill level 1 in Bows
     5 | D        | Reached skill level 1 in Crossbows
     5 | D        | Reached skill level 1 in Throwing
     5 | D        | Reached skill level 1 in Armour
     5 | D        | Reached skill level 1 in Shields
     5 | D        | Reached skill level 1 in Unarmed Combat
     5 | D        | Reached skill level 5 in Spellcasting
     5 | D        | Reached skill level 1 in Conjurations
     5 | D        | Reached skill level 1 in Hexes
     5 | D        | Reached skill level 1 in Charms
     5 | D        | Reached skill level 1 in Summonings
     5 | D        | Reached skill level 1 in Translocations
     5 | D        | Reached skill level 1 in Transmutations
     5 | D        | Reached skill level 1 in Fire Magic
     5 | D        | Reached skill level 1 in Ice Magic
     5 | D        | Reached skill level 1 in Air Magic
     5 | D        | Reached skill level 1 in Earth Magic
     5 | D        | Reached skill level 1 in Poison Magic
     5 | D        | Reached skill level 1 in Invocations
     5 | D        | Reached skill level 1 in Evocations
     5 | D        | Reached XP level 2. HP: 18/21 MP: 4/8
     8 | D        | Learned a level 1 spell: Animate Skeleton
    63 | D        | Reached skill level 5 in Dodging
    63 | D        | Reached XP level 3. HP: 25/27 MP: 6/9
    69 | D        | Reached XP level 4. HP: 24/34 MP: 2/11
    75 | D        | Learned a level 4 spell: Animate Dead
    79 | D        | Learned a level 3 spell: Regeneration
    88 | D        | Reached skill level 5 in Stealth
   205 | D        | Noticed Roxanne
   207 | D        | Noticed Menkaure
   207 | D        | Noticed a crocodile
   219 | D        | Killed a crocodile
   219 | D        | Reached XP level 5. HP: 37/41 MP: 3/13
   226 | D        | Learned a level 5 spell: Borgnjor's Vile Clutch
   329 | D        | Found Ewnaycli's Food Shop.
   338 | D        | Found Ylodwir's Jewellery Boutique.
   338 | D        | Found Zir Zybiz's Food Shop.
   338 | D        | Found Inuoh's Armour Boutique.
   338 | D        | Found Xaroppu's Armour Boutique.
   338 | D        | Found Sika's Antique Armour Shop.
   338 | D        | Found Wumur's Jewellery Shop.
   338 | D        | Found Daodanet's Book Shop.
   338 | D        | Found Ogopt's Antique Armour Boutique.
   338 | D        | Found Zaru's Armour Shop.
   338 | D        | Found Deocielug's Magic Scroll Boutique.
   425 | D        | Found Pasoent's Distillery.
   425 | D        | Found Bocal's Distillery.
   425 | D        | Found Jemeegiq's Gadget Shop.
   425 | D        | Found Kemiunes's Antique Weapon Boutique.
   425 | D        | Noticed a hell hog
   433 | D        | Noticed a hippogriff
   433 | D        | Noticed a hippogriff
   445 | D        | Noticed a blink frog
   449 | D        | Killed a blink frog
   449 | D        | Reached skill level 5 in Invocations
   449 | D        | Reached XP level 6. HP: 48/49 MP: 1/15
   549 | D        | Noticed an ice dragon
   550 | D        | Noticed a hell hog
   559 | D        | Killed a hippogriff
   559 | D        | Reached skill level 5 in Fighting
   559 | D        | Reached skill level 5 in Short Blades
   559 | D        | Reached skill level 5 in Long Blades
   559 | D        | Reached skill level 5 in Axes
   559 | D        | Reached skill level 5 in Maces & Flails
   559 | D        | Reached skill level 5 in Polearms
   559 | D        | Reached skill level 5 in Staves
   559 | D        | Reached skill level 5 in Slings
   559 | D        | Reached skill level 5 in Bows
   559 | D        | Reached skill level 5 in Crossbows
   559 | D        | Reached skill level 5 in Throwing
   559 | D        | Reached skill level 5 in Armour
   559 | D        | Reached skill level 5 in Shields
   559 | D        | Reached skill level 5 in Unarmed Combat
   559 | D        | Reached skill level 5 in Evocations
   559 | D        | Reached XP level 7. HP: 55/56 MP: 4/17
   570 | D        | Killed a hippogriff
   665 | D        | Killed Menkaure
   693 | D        | Reached XP level 8. HP: 60/63 MP: 13/19
   693 | D        | Reached skill level 5 in Conjurations
   693 | D        | Reached skill level 5 in Hexes
   693 | D        | Reached skill level 5 in Charms
   693 | D        | Reached skill level 5 in Summonings
   693 | D        | Reached skill level 5 in Translocations
   693 | D        | Reached skill level 5 in Transmutations
   693 | D        | Reached skill level 5 in Fire Magic
   693 | D        | Reached skill level 5 in Ice Magic
   693 | D        | Reached skill level 5 in Air Magic
   693 | D        | Reached skill level 5 in Earth Magic
   693 | D        | Reached skill level 5 in Poison Magic
   716 | D        | Noticed an ice statue
   726 | D        | Noticed an oklob plant
   727 | D        | Found Xunn's Book Shoppe.
   731 | D        | Noticed a slime creature
   748 | D        | Noticed a slime creature
   749 | D        | Noticed a slime creature
   754 | D        | Bought a +0 pair of gloves for 58 gold pieces
   761 | D        | Bought a faintly humming helmet for 256 gold pieces
   766 | D        | Identified the +3 helmet of the Aged Queens {-Tele rF++ Dex+3} (You bought it in a shop in the Dungeon)
   766 | D        | Bought a smoking leather armour for 189 gold pieces
   776 | D        | Identified the cursed +1 leather armour of the Sea {rN+ Dex-3 Slay+2} (You bought it in a shop in the Dungeon)
   776 | D        | Bought a twisted robe for 153 gold pieces
   779 | D        | Bought a scroll of remove curse for 39 gold pieces
   790 | D        | Identified the cursed +0 robe of the Will of the Gods {rN++} (You bought it in a shop in the Dungeon)
   793 | D        | Bought a slimy helmet for 256 gold pieces
   803 | D        | Identified the +0 helmet of the Lost Path {Dex+4} (You bought it in a shop in the Dungeon)
   847 | D        | Found a stormy altar of Qazlal.
   848 | D        | Found a hazy altar of Hepliaklqana.
   848 | D        | Found a sacrificial altar of Ru.
   848 | D        | Found an ornate altar of the Wu Jian Council.
   849 | D        | Found a roughly hewn altar of Beogh.
   849 | D        | Found a viscous altar of Jiyva.
   849 | D        | Found a deep blue altar of Sif Muna.
   850 | D        | Found a snail-covered altar of Cheibriados.
   850 | D        | Found an ancient bone altar of Kikubaaqudgha.
   850 | D        | Found a shimmering altar of Xom.
   850 | D        | Found a bloodstained altar of Trog.
   851 | D        | Found a shadowy altar of Dithmenos.
   851 | D        | Found a corrupted altar of Lugonu.
   852 | D        | Found a white marble altar of Elyvilon.
   852 | D        | Found a burning altar of Makhleb.
   853 | D        | Found a blossoming altar of Fedhas.
   855 | D        | Found an opulent altar of Gozag.
   855 | D        | Found a glowing golden altar of the Shining One.
   855 | D        | Found a basalt altar of Yredelemnul.
   855 | D        | Found a hide-covered altar of Uskayaw.
   855 | D        | Found a sparkling altar of Nemelex Xobeh.
   855 | D        | Noticed a hornet
   855 | D        | Noticed a polar bear
   856 | D        | Found a glowing silver altar of Zin.
   856 | D        | Found a radiant altar of Vehumet.
   856 | D        | Found an iron altar of Okawaru.
   856 | D        | Noticed a yaktaur
   856 | D        | Noticed a polar bear
   859 | D        | Became a worshipper of Cheibriados the Contemplative
   866 | D        | Killed a polar bear
   867 | D        | Noticed a polar bear
   867 | D        | Killed a polar bear
   867 | D        | Reached * piety under Cheibriados
   871 | D        | Killed a yaktaur
   871 | D        | Reached XP level 9. HP: 67/70 MP: 4/21
   873 | D        | Killed a hornet
   873 | D        | Reached ** piety under Cheibriados
   875 | D        | Killed a polar bear
  1008 | D        | Noticed a kraken
  1023 | D        | Reached *** piety under Cheibriados
  1065 | D        | Noticed a death drake
  1122 | D        | Killed Roxanne
  1122 | D        | Reached **** piety under Cheibriados
  1122 | D        | Reached skill level 10 in Necromancy
  1122 | D        | Reached XP level 10. HP: 80/80 MP: 7/23
  1138 | D        | Learned a level 6 spell: Statue Form
  1219 | D        | Noticed a crystal guardian
  1219 | D        | Killed a death drake
  1219 | D        | Reached skill level 10 in Spellcasting
  1220 | D        | Noticed a death drake
  1224 | D        | Killed a crystal guardian
  1224 | D        | Reached skill level 10 in Dodging
  1231 | D        | Killed a death drake
  1231 | D        | Reached skill level 10 in Stealth
  1231 | D        | Reached skill level 10 in Invocations
  1249 | D        | Noticed an iron elemental
  1256 | D        | Killed an iron elemental
  1256 | D        | Reached ***** piety under Cheibriados
  1256 | D        | Reached XP level 11. HP: 41/88 MP: 6/25
  1279 | D        | Noticed a deep elf master archer
  1316 | D        | Bought a +0 cloak for 54 gold pieces
  1323 | D        | Bought a scroll of identify for 26 gold pieces
  1324 | D        | Bought a scroll of remove curse for 39 gold pieces
  1324 | D        | Bought a scroll of identify for 26 gold pieces
  1325 | D        | Bought a scroll of identify for 26 gold pieces
  1369 | D        | Noticed a death yak
  1375 | D        | Killed a death yak
  1394 | D        | Killed a deep elf master archer
  1394 | D        | Reached skill level 10 in Fighting
  1394 | D        | Reached skill level 10 in Short Blades
  1394 | D        | Reached skill level 10 in Long Blades
  1394 | D        | Reached skill level 10 in Axes
  1394 | D        | Reached skill level 10 in Maces & Flails
  1394 | D        | Reached skill level 10 in Polearms
  1394 | D        | Reached skill level 10 in Staves
  1394 | D        | Reached skill level 10 in Slings
  1394 | D        | Reached skill level 10 in Bows
  1394 | D        | Reached skill level 10 in Crossbows
  1394 | D        | Reached skill level 10 in Throwing
  1394 | D        | Reached skill level 10 in Armour
  1394 | D        | Reached skill level 10 in Shields
  1394 | D        | Reached skill level 10 in Unarmed Combat
  1394 | D        | Reached skill level 10 in Evocations
  1437 | D        | Got a slimy ivory ring
  1444 | D        | Identified the ring "Vighaer" {rF+ rN+ Int+5 Dex-2 Stlth+} (You found it in the Dungeon)
  1472 | D        | Learned a level 5 spell: Bolt of Magma
  1506 | D        | HP: 2/117 [something (24)]
  1582 | D        | Learned a level 6 spell: Iron Shot
  1586 | D        | Noticed a storm dragon
  1590 | D        | Killed a storm dragon
  1595 | D        | Identified 3 scrolls of acquirement
  1596 | D        | Got a glittering jade amulet
  1597 | D        | Identified the amulet of Beb Rigy {Spirit *Corrode rC+++ Int+4 Dex+3} (You acquired it in the Dungeon)
  1728 | D        | Found Yvuqutt's Assorted Antiques.
  1728 | D        | Found Deyrotwa's Assorted Antiques.
  1728 | D        | Found Qutorof's Book Emporium.
  1728 | D        | Found Caicloyb's Food Boutique.
  1728 | D        | Noticed a golden dragon
  1731 | D        | Killed a golden dragon
  1731 | D        | Reached XP level 12. HP: 99/99 MP: 8/27
  1749 | D        | Noticed a centaur warrior
  1749 | D        | Noticed Kirke
  1750 | D        | Noticed a great orb of eyes
  1750 | D        | Noticed a cacodemon
  1751 | D        | Noticed a storm dragon
  1751 | D        | Noticed a yaktaur captain
  1752 | D        | Killed Kirke
  1752 | D        | Killed a centaur warrior
  1752 | D        | Reached ****** piety under Cheibriados
  1755 | D        | Noticed a bone dragon
  1758 | D        | Noticed a frost giant
  1758 | D        | Killed a great orb of eyes
  1760 | D        | Noticed a golden dragon
  1763 | D        | Noticed a deep elf high priest
  1772 | D        | Killed a bone dragon
  1772 | D        | Reached skill level 10 in Conjurations
  1772 | D        | Reached skill level 10 in Hexes
  1772 | D        | Reached skill level 10 in Charms
  1772 | D        | Reached skill level 10 in Summonings
  1772 | D        | Reached skill level 10 in Translocations
  1772 | D        | Reached skill level 10 in Transmutations
  1772 | D        | Reached skill level 10 in Fire Magic
  1772 | D        | Reached skill level 10 in Ice Magic
  1772 | D        | Reached skill level 10 in Air Magic
  1772 | D        | Reached skill level 10 in Earth Magic
  1772 | D        | Reached skill level 10 in Poison Magic
  1773 | D        | Killed a yaktaur captain
  1773 | D        | Killed a golden dragon
  1773 | D        | Reached XP level 13. HP: 53/108 MP: 1/30
  1775 | D        | Was placed under penance by Cheibriados
  1780 | D        | Killed a frost giant
  1780 | D        | Was forgiven by Cheibriados
  1783 | D        | Killed from afar by a storm dragon

Skill      XL: |  1  2  3  4  5  6  7  8  9 10 11 12 13 |
---------------+----------------------------------------+-----
Fighting       | 1 2 3 4 5 6 8 9 10 12 | 12.3
Short Blades   | 1 2 3 4 5 6 8 9 10 12 | 12.3
Long Blades    | 1 2 3 4 5 6 8 9 10 12 | 12.3
Axes           | 1 2 3 4 5 6 8 9 10 12 | 12.3
Maces & Flails | 1 2 3 4 5 6 8 9 10 12 | 12.3
Polearms       | 1 2 3 4 5 6 8 9 10 12 | 12.3
Staves         | 1 2 3 4 5 6 8 9 10 12 | 12.3
Slings         | 1 2 3 4 5 6 8 9 10 12 | 12.3
Bows           | 1 2 3 4 5 6 8 9 10 12 | 12.3
Crossbows      | 1 2 3 4 5 6 8 9 10 12 | 12.3
Throwing       | 1 2 3 4 5 6 8 9 10 12 | 12.3
Armour         | 1 2 3 4 5 6 8 9 10 12 | 12.3
Shields        | 1 2 3 4 5 6 8 9 10 12 | 12.3
Unarmed Combat | 1 2 3 4 5 6 8 9 10 12 | 12.3
Spellcasting   | 5 6 7 8 9 10 11 13 | 13.1
Conjurations   | 1 2 3 4 5 6 7 9 10 | 10.6
Hexes          | 1 2 3 4 5 6 7 9 10 | 10.6
Charms         | 1 2 3 4 5 6 7 9 10 | 10.6
Summonings     | 1 2 3 4 5 6 7 9 10 | 10.6
Translocations | 1 2 3 4 5 6 7 9 10 | 10.6
Transmutations | 1 2 3 4 5 6 7 9 10 | 10.6
Fire Magic     | 1 2 3 4 5 6 7 9 10 | 10.6
Ice Magic      | 1 2 3 4 5 6 7 9 10 | 10.6
Air Magic      | 1 2 3 4 5 6 7 9 10 | 10.6
Earth Magic    | 1 2 3 4 5 6 7 9 10 | 10.6
Poison Magic   | 1 2 3 4 5 6 7 9 10 | 10.6
Invocations    | 1 2 3 5 6 7 9 10 11 13 | 13.3
Evocations     | 1 2 3 4 5 6 8 9 10 12 | 12.3
Dodging        | 5 6 7 8 9 10 11 12 13 | 13.0
Stealth        | 5 6 7 8 9 10 11 12 | 12.9
Necromancy     | 8 9 10 11 12 | 12.4

Action                   |  1- 3 |  4- 6 |  7- 9 | 10-12 | 13-15 || total
-------------------------+-------+-------+-------+-------+-------++-------
Melee: Unarmed           |       |     2 |     7 |    38 |     8 ||    55
       Punch             |       |     1 |     1 |     7 |     1 ||    10
       Bite              |       |       |     1 |     9 |     1 ||    11
Throw: Throwing net      |       |       |       |     1 |       ||     1
 Cast: Pain              |     8 |    31 |     3 |       |       ||    42
       Animate Dead      |       |     1 |     1 |     2 |       ||     4
       Regeneration      |       |     1 |     1 |     5 |       ||     7
       Borgnjor's Vile C |       |     3 |    10 |     6 |       ||    19
       Animate Skeleton  |       |     1 |     4 |       |       ||     5
       Statue Form       |       |       |       |     6 |       ||     6
       Bolt of Magma     |       |       |       |     4 |       ||     4
       Iron Shot         |       |       |       |     1 |       ||     1
Invok: Slouch            |       |       |       |     3 |       ||     3
  Use: Scroll            |       |       |     2 |     4 |       ||     6
       Potion            |       |       |       |     5 |     1 ||     6
 Stab: Distracted        |       |     1 |     1 |       |       ||     2
       Sleeping          |       |       |       |     1 |       ||     1
  Eat: Chunk             |       |       |     2 |       |       ||     2
       Ration            |       |       |       |     1 |       ||     1
Armor: Robe              |     1 |       |       |       |       ||     1
       Leather armour    |       |       |     3 |       |       ||     3
       Skin              |       |       |       |    30 |       ||    30
Dodge: Dodged            |     1 |    16 |    10 |    75 |     7 ||   109
